AoeStats
← b站江条

Arabia

504961019Analyzed
1v1 RM · 26d ago on Sep 7, 2026· 54m 57s· 2 players
Game mode
Random Map
Map size
Tiny (2 player)
Population
200
Speed
Normal
Resources
Standard
Victory
Conquest
Starting age
Dark Age
Ending age
Imperial Age
RankedLock teamsTeams togetherTeam positionsShared explorationLock speedFull tech treeHidden civsTurbo modeCheats
Victory
Defeat
🇩🇪 Italians · Germany
1367
+15
🇨🇳 Maya · China
1340
-15
b站江条
0:25 Loom
8:31 Feudal Age
9:29 Double-Bit Axe
15:49 Horse Collar
21:30 Castle Age
20:02 Gold Mining
20:36 Fletching
20:49 Scale Mail Armor
22:31 Bodkin Arrow
21:57 Crossbowman
23:09 Bow Saw
24:05 Pikeman
28:48 Wheelbarrow
35:10 Imperial Age
36:32 Hand Cart
37:19 Two-Man Saw
36:36 Guilds
37:18 Conscription
38:17 Bracer
38:17 Padded Archer Armor
38:15 Arbalester
39:04 Stone Mining
39:31 Bracer
40:57 Padded Archer Armor
42:38 Leather Archer Armor
42:34 Thumb Ring
43:52 Ballistics
44:32 Chemistry
45:11 Ring Archer Armor
48:13 Heavy Plow
48:58 Holcans
49:58 Town Watch
50:30 Chain Mail Armor
50:25 Forging
50:13 Eagle Warrior
50:54 Squires
51:02 Elite Eagle Warrior
53:33 Halberdier
54:52 Town Patrol
55:30 Crop Rotation
KaYden
4:30 Loom
10:59 Feudal Age
11:29 Double-Bit Axe
12:30 Fletching
12:40 Padded Archer Armor
13:48 Horse Collar
23:01 Castle Age
22:58 Scale Barding Armor
23:04 Forging
23:26 Bloodlines
23:08 Gold Mining
24:02 Thumb Ring
24:11 Husbandry
25:41 Bow Saw
26:56 Stone Mining
28:21 Town Watch
29:14 Wheelbarrow
30:08 Bodkin Arrow
30:28 Leather Archer Armor
31:43 Murder Holes
32:16 Ballistics
40:16 Imperial Age
38:29 Masonry
39:25 Hand Cart
41:22 Iron Casting
41:08 Chain Barding Armor
40:10 Light Cavalry
42:12 Chemistry
41:42 Architecture
41:58 Stone Shaft Mining
41:41 Bracer
41:03 Hussar
45:46 Blast Furnace
45:22 Plate Barding Armor
50:03 Conscription
50:21 Heavy Plow
51:23 Two-Man Saw
51:37 Treadmill Crane
53:31 Fortified Wall
Connection lost

Rejoining the realm…

Still unreachable

The connection could not be restored.

Session expired

The server has moved on; the page needs a fresh start.